 Dungeon Crawl Stone Soup version 0.25.0-9-g26727b657a (webtiles) character file.

Game seed: 17012348194769947111

18 mopl the Firebug (level 2, -1/22 HPs)
             Began as a Naga Fire Elementalist on June 16, 2020.
             Slain by a centaur skeleton (4 damage)
             ... on level 2 of the Dungeon.
             The game lasted 00:01:32 (719 turns).

mopl the Firebug (Naga Fire Elementalist)            Turns: 719, Time: 00:01:33

Health: -1/22      AC:  1    Str: 10    XL:     2   Next: 70%
Magic:  0/5        EV: 10    Int: 15    God:
Gold:   35         SH:  0    Dex: 11    Spells: 4/5 levels left

rFire    . . .     SeeInvis +   b - +0 short sword
rCold    . . .     Gourm    .   (no shield)
rNeg     . . .     Faith    .   a - +0 robe
rPois    +         Spirit   .   (no helmet)
rElec    .         Reflect  .   (no cloak)
rCorr    .         Harm     .   (no gloves)
MR       .....                  (no barding)
Stlth    ++........             (no amulet)
HPRegen  0.07/turn              (no ring)
MPRegen  0.09/turn              (no ring)

@: very slightly contaminated, very slow
A: large, see invisible, deformed body, poison resistance, slowness 2, slow
metabolism 1, spit poison 1, AC +0
a: Spit Poison


You were on level 2 of the Dungeon.
You were not hungry.

You visited 1 branch of the dungeon, and saw 2 of its levels.

You collected 35 gold pieces.

Inventory:

Hand Weapons
 b - a +0 short sword (weapon)
Missiles
 d - 10 poisoned darts (quivered)
Armour
 a - a +0 robe (worn)
Potions
 e - a potion of berserk rage {unknown}
Comestibles
 c - a ration


   Skills:
 - Level 1.5 Dodging
 - Level 3.0 Stealth
 + Level 2.3 Spellcasting
 + Level 1.6 Conjurations
 + Level 3.3 Fire Magic


You had 4 spell levels left.
You knew the following spells:

 Your Spells              Type           Power        Failure   Level  Hunger
a - Foxfire               Conj/Fire      #...         8%          1    #......

Your spell library contained the following spells:

 Spells                   Type           Power        Failure   Level  Hunger
 Conjure Flame            Conj/Fire      #.......     24%         3    ###....
 Inner Flame              Hex/Fire       #.......     32%         3    ###....
 Sticky Flame             Conj/Fire      #.......     61%         4    #####..
 Fireball                 Conj/Fire      #.........   91%         5    ######.


Dungeon Overview and Level Annotations

Branches:
Dungeon (2/15)

Altars:


Innate Abilities, Weirdness & Mutations

You cannot wear boots.
Your serpentine skin is tough. (AC +0)
You have supernaturally acute eyesight. (SInv)
Armour fits poorly on your strangely shaped body.
Your system is resistant to poisons. (rPois)
You cover ground very slowly.
You have a slow metabolism.
You can spit poison.


Message History

You are very lightly contaminated with residual magic.
Nothing appears to happen.
The centaur skeleton hits you.
Unknown command.
Casting: Foxfire (safe; 8% risk of failure)
Confirm with . or Enter, or press ? or * to list all spells.
You conjure some foxfire!
The centaur skeleton hits you.
You hit the centaur skeleton.
The centaur skeleton is severely damaged.
The foxfire hits the centaur skeleton.
The centaur skeleton is severely damaged.
The foxfire hits the centaur skeleton.
The centaur skeleton is severely damaged.
The centaur skeleton hits you.
* * * LOW HITPOINT WARNING * * *
The centaur skeleton hits you.
* * * LOW HITPOINT WARNING * * *
Casting: Foxfire (safe; 8% risk of failure)
Confirm with . or Enter, or press ? or * to list all spells.
You conjure some foxfire!
The centaur skeleton hits you.
You die...

#. #... ... #..
#..# .. .
##..##..# .....
........##.#.#.
.............
#........... #
##.vZ.....#
###.#<.v@.....#
##......ยงยง##+#.#
......?..........
###.###.#)....#..
#. ............ #
###.#).......
#..........
#..........
#.#.....#.#


You could see a centaur skeleton.

Vanquished Creatures
  An ooze (D:1)
  3 giant cockroaches (D:1)
  A hobgoblin (D:2)
  3 kobolds (D:1)
  3 bats (D:1)
  A frilled lizard (D:1)
  2 rats (D:1)
14 creatures vanquished.

Vanquished Creatures (others)
  40 foxfires
40 creatures vanquished.

Grand Total: 54 creatures vanquished

Notes
Turn   | Place    | Note
-------+----------+-------------------------------------------
     0 | D:1      | mopl the Naga Fire Elementalist began the quest for the
                  | Orb.
     0 | D:1      | Reached XP level 1. HP: 15/15 MP: 3/3
    58 | D:1      | Reached XP level 2. HP: 11/22 MP: 0/5
   719 | D:2      | Slain by a centaur skeleton

Illustrated notes

Levels and vault maps discovered:
D:1:      scummos_arrival_star, layout_basic, serial_forest,
          infiniplex_forest_straight_2, infiniplex_forest_side_room,
          infiniplex_forest_straight_2, infiniplex_forest_lined_corner,
          infiniplex_forest_clump_medium, infiniplex_forest_lined_3
D:2:      layout_basic, tso_oasis_becter, xom_butterflies, okawaru_gym_becter,
          nicolae_overflow_hidden_temple, grunt_gozag_statues

Action                   || total
-------------------------++-------
Melee: Unarmed           ||     4
       Short sword       ||    21
 Cast: Foxfire           ||    22
 Abil: Spit Poison       ||     2
Armor: Robe              ||    12
Dodge: Dodged            ||    23
